 Dungeon Crawl Stone Soup version 0.25.0-26-g0c896c7088 (webtiles) character file.

Game seed: 17981461833031161204

1413 Gwenloh the Sneak (level 8, -5/61 HPs)
             Began as a Gnoll Wanderer on July 4, 2020.
             Was a Follower of Zin.
             Slain by an iguana (6 damage)
             ... on level 7 of the Dungeon.
             The game lasted 00:21:10 (7311 turns).

Gwenloh the Sneak (Gnoll Wanderer)                  Turns: 7311, Time: 00:21:11

Health: -5/61      AC: 11    Str: 17    XL:     8   Next: 71%
Magic:  13/13      EV: 14    Int: 13    God:    Zin [*.....]
Gold:   216        SH:  0    Dex: 16    Spells: 13/13 levels left

rFire    . . .     SeeInvis +   a - +0 quarterstaff
rCold    + . .     Gourm    .   (shield currently unavailable)
rNeg     . . .     Faith    .   B - +2 ring mail {rC+}
rPois    .         Spirit   .   z - +1 helmet {SInv}
rElec    .         Reflect  .   (no cloak)
rCorr    .         Harm     .   (no gloves)
MR       .....                  F - +0 pair of boots
Stlth    +++.......             (no amulet)
HPRegen  0.20/turn              (no ring)
MPRegen  0.13/turn              (no ring)

@: lethally poisoned (-5 -> -16), slowed, very slow
A: distributed training, fangs 1, strong nose
a: Recite, Donate Gold, Renounce Religion


You were on level 7 of the Dungeon.
You worshipped Zin.
Zin was aware of your devotion.
You were not hungry.

You visited 2 branches of the dungeon, and saw 8 of its levels.
You also visited: Sewer.

You collected 240 gold pieces.
You donated 24 gold pieces to Zin.

Inventory:

Hand Weapons
 a - a +0 quarterstaff (weapon)
 b - a +0 hunting sling
 d - a +0 dagger
 h - a +0 hand crossbow
 y - a +0 shortbow
Missiles
 e - 8 sling bullets
 l - 90 arrows
 p - 24 poisoned darts (quivered)
 u - 71 bolts
 x - 18 stones
Armour
 j - a +2 leather armour
 z - a +1 helmet of see invisible (worn)
 B - a +2 ring mail of cold resistance (worn)
 F - a +0 pair of boots (worn)
Wands
 r - a wand of digging (4)
Scrolls
 c - 2 scrolls of teleportation
 i - a scroll of amnesia {unknown}
 q - 4 scrolls of remove curse
 s - a scroll of magic mapping
 C - 6 scrolls of fear {unknown}
 D - a scroll of enchant armour {unknown}
 E - a scroll of identify
Potions
 g - 3 potions of magic
 m - 2 potions of curing {unknown}
 n - 2 potions of stabbing {unknown}
 o - 2 potions of ambrosia {unknown}
 t - a potion of degeneration {unknown}
 v - 3 potions of flight {unknown}
 w - 4 potions of heal wounds
 A - a potion of brilliance {unknown}
Comestibles
 f - 10 rations


   Skills:
 + Level 4.3 Fighting
 + Level 5.8 Short Blades
 + Level 3.4 Long Blades
 + Level 3.4 Axes
 + Level 3.4 Maces & Flails
 + Level 3.4 Polearms
 + Level 4.3 Staves
 + Level 3.4 Slings
 + Level 3.4 Bows
 + Level 3.4 Crossbows
 + Level 4.3 Throwing
 + Level 3.4 Armour
 + Level 5.8 Dodging
 + Level 7.0 Stealth
 + Level 3.4 Shields
 + Level 3.4 Unarmed Combat
 + Level 3.4 Spellcasting
 + Level 2.8 Conjurations
 + Level 2.8 Hexes
 + Level 2.8 Charms
 + Level 2.8 Summonings
 + Level 2.8 Necromancy
 + Level 2.8 Translocations
 + Level 2.8 Transmutations
 + Level 2.8 Fire Magic
 + Level 2.8 Ice Magic
 + Level 2.8 Air Magic
 + Level 2.8 Earth Magic
 + Level 2.8 Poison Magic
 + Level 3.8 Invocations
 + Level 3.4 Evocations


You had 13 spell levels left.
You didn't know any spells.
Your spell library contained the following spells:

 Spells                   Type           Power        Failure   Level  Hunger
 Confusing Touch          Hex            #.......     36%         3    ###....
 Gell's Gravitas          Tloc           #.........   36%         3    ###....
 Petrify                  Tmut/Erth      #.......     77%         4    #####..
 Metabolic Englaciation   Hex/Ice        #.........   98%         5    ######.
 Yara's Violent Unravell  Hex/Tmut       #.........   98%         5    ######.


Dungeon Overview and Level Annotations

Branches:
Dungeon (7/15)             Temple (1/1) D:5           Sewer (visited)

Altars:
Ashenzari
Cheibriados
Dithmenos
Elyvilon
Fedhas
Gozag
Hepliaklqana
Kikubaaqudgha
Makhleb
Nemelex Xobeh
Okawaru
Qazlal
Ru
Sif Muna
Trog
Uskayaw
Vehumet
Wu Jian
Xom
Yredelemnul
Zin
The Shining One

Shops:
D:4 :   D:6 :

Annotations:
D:5 3 runed translucent doors, xccam's ghost, novice TeWr


Innate Abilities, Weirdness & Mutations

Your experience applies equally to all skills.
You have very sharp teeth.
Your uncanny sense of smell can sniff out nearby items.


Message History

The hornet stings you but does no damage.
You feel sick. The hornet stings you.
* * * LOW HITPOINT WARNING * * *
You are more poisoned.
You feel yourself slow down.
You feel yourself speed up.
* * * LOW HITPOINT WARNING * * *
You feel sick. The hornet stings you.
* * * LOW HITPOINT WARNING * * *
You feel yourself slow down. The hornet stings you!
* * * LOW HITPOINT WARNING * * *
You feel as though you will be slow longer.
There is an escape hatch in the floor here.
Unknown command.
Unknown command.
Zin protects you from harm!
The hornet stings you but does no damage.
The iguana closely misses you. The hornet closely misses you.
The iguana bites you.
You die...

#.............##
.#.......((.#....##
.........(..#.....#
...#.........:...#
#>.###.((..##....#
#...##(....#.....##
....#.(........##.#
...(..............#
.....#....$....l@?#
..).##.........y..#..#
...##......###.......#
...####...##
##........#
..........##
##.#....###
......##...# #......##
.##..#####.###....).#
. #....###..##.....##
. #.............####


You could see a hornet and an iguana.

Vanquished Creatures
  Sigmund (D:6)
  An ice beast (D:5)
  An ogre (D:4)
  A centaur (D:3)
  A big kobold (Sewer)
  A bullfrog (D:6)
  A scorpion (D:3)
  A howler monkey (D:4)
  A crimson imp (D:5)
  4 hounds
  A jelly (D:5)
  3 orc priests
  A bullfrog skeleton (D:5)
  4 orc wizards
  6 worker ants
  7 adders
  2 river rats
  4 worms
  3 dart slugs
  3 leopard geckos
  12 orcs
  3 ball pythons
  7 giant cockroaches
  6 goblins
  9 hobgoblins
  24 jackals
  12 kobolds
  3 quokkas
  9 bats
  4 frilled lizards
  A leopard gecko skeleton (D:5)
  2 quokka skeletons (D:5)
  13 rats
152 creatures vanquished.

Notes
Turn   | Place    | Note
-------+----------+-------------------------------------------
     0 | D:1      | Gwenloh the Gnoll Wanderer began the quest for the Orb.
     0 | D:1      | Gwenloh set off with the following items: a +0
                  | quarterstaff, a +2 leather armour, a scroll of
                  | teleportation, a +0 dagger, a ration
     0 | D:1      | Reached XP level 1. HP: 17/17 MP: 1/1
   162 | D:1      | Reached XP level 2. HP: 23/23 MP: 2/2
   381 | D:1      | Reached XP level 3. HP: 28/28 MP: 3/3
   833 | D:1      | Reached skill level 6 in Stealth
  1031 | D:2      | Reached skill level 1 in Invocations
  1082 | D:2      | Reached skill level 1 in Long Blades
  1082 | D:2      | Reached skill level 1 in Axes
  1082 | D:2      | Reached skill level 1 in Maces & Flails
  1082 | D:2      | Reached skill level 1 in Polearms
  1082 | D:2      | Reached skill level 1 in Slings
  1082 | D:2      | Reached skill level 1 in Bows
  1082 | D:2      | Reached skill level 1 in Crossbows
  1082 | D:2      | Reached skill level 1 in Armour
  1082 | D:2      | Reached skill level 1 in Shields
  1082 | D:2      | Reached skill level 1 in Unarmed Combat
  1082 | D:2      | Reached skill level 1 in Spellcasting
  1082 | D:2      | Reached skill level 1 in Evocations
  1187 | D:2      | Reached XP level 4. HP: 34/34 MP: 5/5
  1516 | D:2      | Found an ancient bone altar of Kikubaaqudgha.
  2059 | D:3      | Found a glowing drain.
  2078 | D:3      | Reached skill level 1 in Conjurations
  2078 | D:3      | Reached skill level 1 in Hexes
  2078 | D:3      | Reached skill level 1 in Charms
  2078 | D:3      | Reached skill level 1 in Summonings
  2078 | D:3      | Reached skill level 1 in Necromancy
  2078 | D:3      | Reached skill level 1 in Translocations
  2078 | D:3      | Reached skill level 1 in Transmutations
  2078 | D:3      | Reached skill level 1 in Fire Magic
  2078 | D:3      | Reached skill level 1 in Ice Magic
  2078 | D:3      | Reached skill level 1 in Air Magic
  2078 | D:3      | Reached skill level 1 in Earth Magic
  2078 | D:3      | Reached skill level 1 in Poison Magic
  2127 | Sewer    | Entered a sewer
  2301 | Sewer    | Noticed a big kobold
  2340 | Sewer    | Killed a big kobold
  2340 | Sewer    | Reached XP level 5. HP: 24/41 MP: 5/7
  2520 | Sewer    | Found a white marble altar of Elyvilon.
  2825 | D:3      | Reached XP level 6. HP: 47/47 MP: 8/8
  2964 | D:3      | Found a bloodstained altar of Trog.
  2972 | D:3      | Found a shimmering altar of Xom.
  3011 | D:3      | Reached skill level 5 in Short Blades
  3011 | D:3      | Reached skill level 5 in Dodging
  3576 | D:4      | Found Ugoryuriy's Book Boutique.
  3667 | D:4      | Reached XP level 7. HP: 38/52 MP: 10/10
  4698 | D:5      | Entered Level 5 of the Dungeon
  4771 | D:5      | Found a staircase to the Ecumenical Temple.
  4874 | D:5      | Found a runed translucent gate.
  4874 | D:5      | Found a runed translucent gate.
  4891 | D:5      | Found a runed translucent gate.
  5084 | D:5      | Reached XP level 8. HP: 43/60 MP: 12/12
  5368 | D:5      | Noticed xccam's ghost (novice TeWr)
  5922 | Temple   | Entered the Ecumenical Temple
  6148 | Temple   | Became a worshipper of Zin the Law-Giver
  6148 | Temple   | Reached * piety under Zin
  6175 | D:6      | Found a shimmering altar of Xom.
  6765 | D:6      | Found a shadowy altar of Dithmenos.
  6801 | D:6      | Found Ziocawk's Book Shop.
  7024 | D:6      | Noticed Sigmund
  7039 | D:6      | Killed Sigmund
  7268 | D:7      | Reached skill level 7 in Stealth
  7284 | D:7      | Noticed a hornet
  7310 | D:7      | HP: 1/61 [hornet (12)]
  7311 | D:7      | Zin protects you from harm!
  7311 | D:7      | Slain by an iguana

Illustrated notes

Levels and vault maps discovered:
D:1:      dpeg_cavernosity, layout_basic
D:2:      layout_basic, lemuel_doored_altar, first_ration
D:3:      layout_basic, chequers_temple_overflow_statue_of_worship,
          portal_sewer_entry_e
D:4:      layout_gridville, kennysheep_small_circle
D:5:      layout_basic, minmay_temple_entry_glass, gammafunk_ghost_necromancy
D:6:      layout_loops_ring, basic_altar, serial_shops, shop_fountains,
          xom_teletrap_fun, uniq_sigmund
D:7:      layout_cave_pools
Temple:   eino_narrow_crystal_temple

Skill      XL: |  1  2  3  4  5  6  7  8 |
---------------+-------------------------+-----
Stealth        | 6 7 |  7.0
Invocations    | 1 2 3 |  3.8
Long Blades    | 1 2 3 |  3.4
Axes           | 1 2 3 |  3.4
Maces & Flails | 1 2 3 |  3.4
Polearms       | 1 2 3 |  3.4
Slings         | 1 2 3 |  3.4
Bows           | 1 2 3 |  3.4
Crossbows      | 1 2 3 |  3.4
Armour         | 1 2 3 |  3.4
Shields        | 1 2 3 |  3.4
Unarmed Combat | 1 2 3 |  3.4
Spellcasting   | 1 2 3 |  3.4
Evocations     | 1 2 3 |  3.4
Conjurations   | 1 2 |  2.8
Hexes          | 1 2 |  2.8
Charms         | 1 2 |  2.8
Summonings     | 1 2 |  2.8
Necromancy     | 1 2 |  2.8
Translocations | 1 2 |  2.8
Transmutations | 1 2 |  2.8
Fire Magic     | 1 2 |  2.8
Ice Magic      | 1 2 |  2.8
Air Magic      | 1 2 |  2.8
Earth Magic    | 1 2 |  2.8
Poison Magic   | 1 2 |  2.8
Fighting       | 3 4 |  4.3
Staves         | 3 4 |  4.3
Throwing       | 3 4 |  4.3
Short Blades   | 5 |  5.8
Dodging        | 5 |  5.8

Action                   |  1- 3 |  4- 6 |  7- 9 || total
-------------------------+-------+-------+-------++-------
Melee: Quarterstaff      |     6 |    51 |   149 ||   206
       Bite              |     2 |     7 |    16 ||    25
 Fire: Hunting sling     |    94 |   207 |   209 ||   510
Invok: Recite            |       |       |     1 ||     1
  Use: Scroll            |       |     3 |     5 ||     8
       Potion            |       |       |     1 ||     1
 Stab: Sleeping          |     1 |     1 |       ||     2
  Eat: Chunk             |     1 |     7 |    12 ||    20
Armor: Leather armour    |    15 |    29 |       ||    44
       Ring mail         |       |       |    82 ||    82
Dodge: Dodged            |    26 |    80 |   147 ||   253
